 Dungeon Crawl Stone Soup version 0.19-a0-1091-g463c9de (webtiles) character file.

199 Deeps the Chopper (level 6, -3/47 HPs)
             Began as a Formicid Fighter on Aug 8, 2016.
             Slain by Deeps's ghost (5 damage)
             ... on level 3 of the Dungeon.
             The game lasted 00:03:17 (2454 turns).

Deeps the Chopper (Formicid Fighter)                Turns: 2454, Time: 00:03:18

Health: -3/47      AC:  9    Str: 27    XL:     6   Next: 6%
Magic:  6/6        EV:  8    Int: 13    God:
Gold:   209        SH: 10    Dex: 10    Spells: 0 memorised, 5 levels left

rFire  . . .     SeeInvis +     a - +0 war axe
rCold  . . .     Gourm    .     b - +0 scale mail
rNeg   . . .     Faith    .     c - +0 shield
rPois  +         Spirit   .     (helmet unavailable)
rElec  .         Dismiss  .     e - +1 cloak
rCorr  .         Reflect  .     (no gloves)
SustAt .         Harm     .     (no boots)
MR     .....                    (no amulet)
Stlth  ..........               m - ring of poison resistance
                                h - +5 ring of intelligence

@: mighty
A: permanent stasis, dig shafts and tunnels, four strong arms, antennae 3
a: Dig, Shaft Self


You were on level 3 of the Dungeon.
You were very hungry.

You visited 1 branch of the dungeon, and saw 3 of its levels.

You collected 209 gold pieces.

Inventory:

Hand Weapons
 a - a +0 war axe (weapon)
Armour
 b - a +0 scale mail (worn)
 c - a +0 shield (worn)
 e - a +1 cloak (worn)
Jewellery
 h - a +5 ring of intelligence (left hand)
 m - a ring of poison resistance (right hand)
Wands
 g - a wand of digging (1/24)
Scrolls
 f - a scroll of amnesia {unknown}
 n - 4 scrolls of remove curse {unknown}
 o - a scroll of enchant armour {unknown}
 p - 2 scrolls of identify {unknown}
 r - a scroll of fog {unknown}
 s - a scroll of magic mapping {unknown}
 t - a scroll of enchant weapon {unknown}
Potions
 d - a potion of might
Comestibles
 i - a meat ration
 l - 5 fruits


   Skills:
 - Level 3.2 Fighting
 + Level 5.6 Axes
 - Level 3.3 Armour
 + Level 0.6 Stealth
 - Level 3.8 Shields


You had 5 spell levels left.
You didn't know any spells.

Dungeon Overview and Level Annotations

Branches:
Dungeon (3/15)

Altars:
Pakellas

Annotations:
D:3 Deeps's ghost, amateur FoFi


Innate Abilities, Weirdness & Mutations

You are under a permanent stasis effect.
You can dig through walls and to a lower floor.
Your four strong arms can wield two-handed weapons with a shield.
You have a pair of large antennae on your head. (SInv)


Message History

You block Deeps's ghost's attack. x2
You hit Deeps's ghost but do no damage.
Deeps's ghost is moderately damaged.
Deeps's ghost hits you but does no damage.
Unknown command.
You feel very mighty all of a sudden.
Deeps's ghost hits you but does no damage.
You slash Deeps's ghost!
Deeps's ghost is heavily damaged.
Deeps's ghost hits you.
You closely miss Deeps's ghost.
Deeps's ghost is heavily damaged.
Deeps's ghost hits you.
* * * LOW HITPOINT WARNING * * *
You closely miss Deeps's ghost.
Deeps's ghost is heavily damaged.
Deeps's ghost hits you!
* * * LOW HITPOINT WARNING * * *
Deeps's ghost hits you.
You die...

#.## ##.....##
##.### #.#
##...## #.# #.#
##+## #.# #.# #
#.# #.# ##.##
#.# #.# ......
#.# #.#
###.#...# #.#
#.# #.W......
#.#
#.#####@......#
#.............#
#######........
#........
######..$ ##


You could see Deeps's ghost.

Vanquished Creatures
  An orc wizard (D:3)
  An orc priest (D:3)
  A gnoll (D:1)
  5 adders
  4 worms
  A dart slug (D:1)
  2 giant geckos
  3 orcs (D:3)
  4 giant cockroaches
  7 hobgoblins
  7 jackals
  A quokka (D:2)
  A ball python (D:2)
  9 bats
  5 giant newts
  4 goblins
  7 kobolds
  11 rats
74 creatures vanquished.

Notes
Turn   | Place    | Note
-------+----------+-------------------------------------------
     0 | D:1      | Deeps the Formicid Fighter began the quest for the Orb.
     0 | D:1      | Reached XP level 1. HP: 18/18 MP: 1/1
    48 | D:1      | Reached XP level 2. HP: 21/24 MP: 2/2
   185 | D:1      | Reached skill level 3 in Axes
   187 | D:1      | Reached XP level 3. HP: 28/29 MP: 3/3
   463 | D:2      | Reached XP level 4. HP: 31/35 MP: 4/4
   497 | D:2      | Reached skill level 4 in Axes
   903 | D:1      | Reached XP level 5. HP: 13/41 MP: 5/5
  2084 | D:3      | Found an oddly glowing altar of Pakellas.
  2262 | D:3      | Reached skill level 5 in Axes
  2270 | D:3      | Reached XP level 6. HP: 38/47 MP: 6/6
  2436 | D:3      | Noticed Deeps's ghost (amateur FoFi)
  2454 | D:3      | HP: 2/47 [Deeps's ghost (12)]
  2454 | D:3      | Slain by Deeps's ghost

Vault maps used:
D:1:      dpeg_arrival_tiny_i
D:2:      minmay_misc_feat_iff, roderic_lattice_a
D:3:      johnstein_pakellas_dig

Skill      XL: |  1  2  3  4  5 |
---------------+----------------+-----
Axes           | 3 4 5 |  5.6
Fighting       | |  3.2
Armour         | |  3.3
Stealth        | |  0.6
Shields        | |  3.8

Action                   |  1- 3 |  4- 6 || total
-------------------------+-------+-------++-------
Melee: War axe           |    66 |   196 ||   262
  Use: Potion            |       |     5 ||     5
  Eat: Bread ration      |       |     1 ||     1
Armor: Scale mail        |    46 |    89 ||   135
Dodge: Dodged            |    27 |    62 ||    89
Block: Shield            |    39 |   111 ||   150
